 Dungeon Crawl Stone Soup version 0.22.1-1-ga44c0e56f4 (webtiles) character file.

210 Jynx the Changer (level 5, -6/33 HPs)
             Began as an Octopode Transmuter on Oct 30, 2018.
             Mangled by an orc
             ... wielding a +0 hand axe
              (7 damage)
             ... on level 3 of the Dungeon.
             The game lasted 00:07:53 (3468 turns).

Jynx the Changer (Octopode Transmuter)              Turns: 3468, Time: 00:07:54

Health: -6/33      AC:  1    Str:  9    XL:     5   Next: 88%
Magic:  8/9        EV: 14    Int: 15    God:
Gold:   102        SH:  0    Dex: 14    Spells: 4/10 levels left

rFire    . . .     SeeInvis .     - Unarmed
rCold    . . .     Gourm    .   (no shield)
rNeg     . . .     Faith    .   (helmet restricted)
rPois    .         Spirit   .   (no amulet)
rElec    .         Reflect  .   (no ring)
rCorr    .         Harm     .   (no ring)
MR       .....                  (no ring)
Stlth    ++........             (no ring)
HPRegen  0.11/turn              (no ring)
MPRegen  0.11/turn              (no ring)
                                (no ring)
                                (no ring)

@: appendage
A: almost no armour, stealthy swim, amphibious, 8 rings, constrict 8, tentacle
spike 3, camouflage 1, gelatinous body 1
a: End Transformation


You were on level 3 of the Dungeon.
You were hungry.
One of your tentacles had a temporary spike.
You visited 1 branch of the dungeon, and saw 3 of its levels.

You collected 102 gold pieces.

Inventory:

Missiles
 a - 12 arrows
Scrolls
 e - a scroll of remove curse
 g - 2 scrolls of identify
Potions
 b - a potion of might {unknown}
 d - a potion of curing {unknown}
 f - a potion of haste {unknown}
Comestibles
 c - 6 rations
 h - 4 chunks of flesh


   Skills:
 - Level 1.0 Fighting
 + Level 3.3 Dodging
 - Level 3.0 Unarmed Combat
 + Level 3.1 Spellcasting
 * Level 4.4 Transmutations


You had 4 spell levels left.
You knew the following spells:

 Your Spells              Type           Power        Failure   Level  Hunger
a - Beastly Appendage     Tmut           ###...       3%          1    #......
b - Sticks to Snakes      Tmut           ###.....     4%          2    ##.....
c - Spider Form           Tmut/Pois      #.........   24%         3    ###....

Your spell library contained the following spells:

 Spells                   Type           Power        Failure   Level  Hunger
 Ice Form                 Ice/Tmut       #.......     61%         4    #####..
 Blade Hands              Tmut           ###.......   65%         5    ######.


Dungeon Overview and Level Annotations

Branches:
Dungeon (3/15)

Altars:


Innate Abilities, Weirdness & Mutations

You cannot wear most types of armour.
You are very stealthy in the water. (Stealth+)
You are amphibious.
You can wear up to eight rings at the same time.
You can use your tentacles to constrict eight enemies at once.
Your skin changes colour to match your surroundings (Stealth+).
Your rubbery body absorbs attacks. (AC +1, EV +1)
One of your tentacles bears a large vicious spike.


Message History

You pierce the orc wizard.
You squeeze the orc wizard.
The orc wizard is heavily wounded.
You constrict the orc wizard. The orc wizard closely misses you.
The orc closely misses you.
You tentacle-slap the orc wizard but do no damage.
You squeeze the orc wizard, but do no damage.
The orc wizard is severely wounded.
You constrict the orc wizard. The orc wizard hits you with a dagger.
* * * LOW HITPOINT WARNING * * *
The orc misses you.
You tentacle-slap the orc wizard. You squeeze the orc wizard.
You kill the orc wizard!
You barely miss the orc. Your grab misses the orc.
The orc hits you with a hand axe.
* * * LOW HITPOINT WARNING * * *
You tentacle-slap the orc. You grab the orc.
You squeeze the orc, but do no damage.
The orc is heavily wounded.
You constrict the orc. The orc hits you with a hand axe!
You die...

###########
########.........#
)........#######.#
########## #o# #@# #)#
######### #.# ........#
#.# #######.#
#.############ #.#
#............#
#.########.##########.#
#......(##.#########≈.#
#........)##..≈≈..≈.≈≈#


You could see an orc.

Vanquished Creatures
  An orc wizard (D:3)
  3 gnolls (D:3)
  6 adders
  An ooze (D:2)
  5 worms
  A dart slug (D:1)
  4 leopard geckos (D:3)
  2 orcs (D:3)
  A ball python (D:1)
  7 giant cockroaches
  6 goblins
  6 hobgoblins
  2 jackals (D:3)
  13 kobolds
  2 quokkas
  8 bats
  3 frilled lizards
  5 rats
76 creatures vanquished.

Notes
Turn   | Place    | Note
-------+----------+-------------------------------------------
     0 | D:1      | Jynx the Octopode Transmuter began the quest for the Orb.
     0 | D:1      | Reached XP level 1. HP: 13/13 MP: 3/3
   179 | D:1      | Reached XP level 2. HP: 18/18 MP: 3/5
   472 | D:1      | Reached XP level 3. HP: 17/23 MP: 6/6
   930 | D:2      | Reached skill level 3 in Transmutations
  1099 | D:1      | Learned a level 2 spell: Sticks to Snakes
  1103 | D:1      | Learned a level 3 spell: Spider Form
  1391 | D:2      | Reached XP level 4. HP: 20/28 MP: 5/7
  2823 | D:3      | Reached XP level 5. HP: 29/33 MP: 7/9
  2928 | D:3      | Reached skill level 4 in Transmutations
  3467 | D:3      | HP: 1/33 [orc/hand axe (5)]
  3468 | D:3      | Mangled by an orc

Skill      XL: |  1  2  3  4  5 |
---------------+----------------+-----
Transmutations | 3 4 |  4.4
Dodging        | 3 |  3.3
Spellcasting   | 3 |  3.1
Fighting       | |  1.0
Unarmed Combat | |  3.0

Action                   |  1- 3 |  4- 6 || total
-------------------------+-------+-------++-------
Melee: Unarmed           |    83 |   116 ||   199
       Constrict         |    21 |    38 ||    59
       Tentacles         |    12 |    21 ||    33
       Kick              |    10 |    39 ||    49
       Punch             |     3 |     1 ||     4
 Cast: Beastly Appendage |    15 |    24 ||    39
  Use: Scroll            |     1 |     1 ||     2
 Stab: Sleeping          |     7 |     3 ||    10
  Eat: Chunk             |     2 |     6 ||     8
Armor: Skin              |     8 |     5 ||    13
Dodge: Dodged            |    59 |    71 ||   130
